 Dungeon Crawl Stone Soup version 0.30-a0-43-gbbf338a72c (webtiles) character file.

Game seed: 16170284213858661362

70 Destapler the Shield-Bearer (level 4, -1/44 HPs)
             Began as a Troll Fighter on Aug 31, 2022.
             Was a Plaything of Xom.
             Killed from afar by an orc wizard (10 damage)
             ... with a puff of flame
             ... on level 2 of the Dungeon.
             The game lasted 00:01:37 (856 turns).

Destapler the Shield-Bearer (Troll Fighter)          Turns: 856, Time: 00:01:37

Health: -1/44      AC:  4    Str: 26    XL:     4   Next: 3%
Magic:  3/3        EV: 12    Int:  4    God:    Xom [..*...]
Gold:   87         SH:  7    Dex:  9    Spells: 3/3 levels left

rFire   . . .      SeeInvis .    a - +0 flail
rCold   . . .      Faith    .    c - +0 kite shield
rNeg    . . .      Spirit   .    b - +0 robe
rPois   .          Reflect  .    (helmet restricted)
rElec   .          Harm     .    (no cloak)
rCorr   .          Rampage  .    (gloves unavailable)
Will    .....                    (boots unavailable)
Stlth   +.........               (no amulet)
HPRegen 0.94/turn                h - +4 ring of evasion
MPRegen 0.08/turn                (no ring)

@: mighty
A: large, unfitting armour, claws 3, regeneration 1, shaggy fur 1, tough skin 1
a: Renounce Religion


You were on level 2 of the Dungeon.
You worshipped Xom.
You were a toy of Xom.
You visited 1 branch of the dungeon, and saw 2 of its levels.

You collected 87 gold pieces.

Inventory:

Hand Weapons
 a - a +0 flail (weapon)
Armour
 b - a +0 robe (worn)
 c - a +0 kite shield (worn)
Jewellery
 h - a +4 ring of evasion (left claw)
 k - a ring of willpower
Scrolls
 g - a scroll of silence {unknown}
 i - a scroll of magic mapping {unknown}
 j - a scroll of identify {unknown}
 l - a scroll of vulnerability {unknown}
Potions
 d - 3 potions of might
 e - a potion of berserk rage {unknown}
 f - a potion of magic {unknown}


   Skills:
 + Level 2.9 Fighting
 + Level 2.4 Maces & Flails
 + Level 2.9 Dodging
 + Level 3.2 Shields


You had 3 spell levels left.
You didn't know any spells.
Your spell library was empty.

Dungeon Overview and Level Annotations

Branches:
Dungeon (2/15)

Altars:
Xom


Innate Abilities, Weirdness & Mutations

You are too large for most types of armour.
You have claws for hands.
Your natural rate of healing is unusually fast.
You are covered in fur. (AC +1)
You have tough skin. (AC +1)


Message History

You bludgeon the orc priest!!
You kill the orc priest!
You closely miss the goblin. You block the goblin's attack. x2
You completely miss the goblin. The goblin hits you but does no damage.
You sock the goblin!
You kill the goblin!
The orc barely misses you. You block the orc's attack. Something hits you.
* * * LOW HITPOINT WARNING * * *
You have reached level 4!
You barely miss the orc. You block the orc's attack. Something hits you.
* * * LOW HITPOINT WARNING * * *
You closely miss the orc. You block the orc's attack. Something hits you.
* * * LOW HITPOINT WARNING * * *
You bludgeon the orc!!
You kill the orc!
You feel less stealthy.
You hear some strange, mumbled words.
Something tries to affect you, but you resist.
Something hits you.
* * * LOW HITPOINT WARNING * * *
You closely miss something.
You hear some strange, mumbled words.
You are confused.
You miss something.
You hear some strange, mumbled words.
A magic dart appears from out of thin air!
The magic dart hits you!
* * * LOW HITPOINT WARNING * * *
Something hits you but does no damage.
You're too confused to move!
Something hits you.
* * * LOW HITPOINT WARNING * * *
You bump into the rock wall.
Something hits you.
* * * LOW HITPOINT WARNING * * *
You closely miss something. Something hits you but does no damage.
You feel less confused.
You hear some strange, mumbled words.
A puff of flame appears from out of thin air!
The puff of flame hits you!
You die... "This toy is broken."

# #. ###.## #
...... .##
..... ....
#.#.## .....
#....##....#
#..#.){.#..
#..†@##....#
#.#..........#
#.....####.###
#####.# #.#
#.####.#
#.?....#
#.###### #.#


There were no monsters in sight!

Vanquished Creatures
  An orc priest (D:2)
  2 dart slugs (D:1)
  2 orcs (D:2)
  A ball python (D:1)
  2 endoplasms (D:1)
  A giant cockroach (D:1)
  4 goblins
  4 jackals (D:1)
  3 quokkas
  6 bats
  5 kobolds
  A rat (D:1)
32 creatures vanquished.

Notes
Turn   | Place    | Note
-------+----------+-------------------------------------------
     0 | D:1      | Destapler the Troll Fighter began the quest for the Orb.
     0 | D:1      | Reached XP level 1. HP: 22/22 MP: 0/0
   181 | D:1      | Reached XP level 2. HP: 26/29 MP: 1/1
   234 | D:1      | Found a faded altar of an unknown god.
   318 | D:1      | Prayed at the altar of an unknown god.
   318 | D:1      | Became a worshipper of Xom of Many Doors
   397 | D:1      | Reached skill level 3 in Shields
   646 | D:1      | XOM: confuse monster(s)
   652 | D:1      | Reached XP level 3. HP: 36/36 MP: 2/2
   796 | D:2      | XOM: stealth player
   814 | D:2      | Found a shimmering altar of Xom.
   848 | D:2      | Reached XP level 4. HP: 18/44 MP: 3/3
   856 | D:2      | Killed from afar by an orc wizard

Illustrated notes

Levels and vault maps discovered:
D:1:      spicycebolla_arrival_transporter_tutorial, layout_loops_ring,
          hellmonk_ecumenical_altar_inner_sanctum
D:2:      layout_loops_ring, serial_shops, shop, basic_altar, uniq_natasha

Skill      XL: |  1  2 |
---------------+-------+-----
Maces & Flails | 2 |  2.4
Shields        | 3 |  3.2
Fighting       | |  2.9
Dodging        | |  2.9

Action                   |  1- 3 |  4- 6 || total
-------------------------+-------+-------++-------
Melee: Flail             |   106 |     6 ||   112
  Use: Potion            |     1 |       ||     1
Armor: Robe              |    68 |     2 ||    70
Dodge: Dodged            |    96 |       ||    96
Block: Kite shield       |    63 |     2 ||    65

Table legend: (Time is in decaauts)
 A = Elapsed time spent in this place.
 B = Non-inter-level travel time spent in this place.
 C = Inter-level travel time spent in this place.
 D = Time resting spent in this place.
 E = Time spent auto-exploring this place.
 F = Levels seen in this place.
 G = Mean time per level.
                   A        B        C        D        E       F      G
               +--------+--------+--------+--------+--------+-----+--------+
         Total |    903 |    882 |     21 |      0 |    616 |   2 |  451.5 |
       Dungeon |    903 |    882 |     21 |      0 |    616 |   2 |  451.5 |
               +--------+--------+--------+--------+--------+-----+--------+

Top non-repeatable levels by time:
     D:1: 836 daAuts
     D:2: 67 daAuts
